 Dungeon Crawl Stone Soup version 0.26-a0-28-gc929df5 (webtiles) character file.

Game seed: 16196924634888341825, levelgen mode: deterministic

30 Cheivey the Skirmisher (level 3, -1/51 HPs)
             Began as a Naga Berserker on May 27, 2020.
             Was a Believer of Trog.
             Slain by a goblin
             ... wielding a +0 club
             ... led by Robin
              (6 damage)
             ... on level 2 of the Dungeon.
             The game lasted 00:02:50 (1054 turns).

Cheivey the Skirmisher (Naga Berserker)             Turns: 1054, Time: 00:02:52

Health: -1/51      AC:  3    Str: 19    XL:     3   Next: 20%
Magic:  3/3        EV:  9    Int:  9    God:    Trog [**....]
Gold:   56         SH:  0    Dex: 13    Spells: 2/2 levels left

rFire    . . .     SeeInvis +   h - +0 morningstar
rCold    . . .     Gourm    .   (no shield)
rNeg     . . .     Faith    .   f - +0 ring mail
rPois    +         Spirit   .   (no helmet)
rElec    .         Reflect  .   (no cloak)
rCorr    .         Harm     .   (no gloves)
MR       ++...                  (no barding)
Stlth    ..........             (no amulet)
HPRegen  1.17/turn              (no ring)
MPRegen  0.08/turn              (no ring)

@: berserking (expiring), regenerating (expiring), quick
A: large, see invisible, agile 1, clever 1, deformed body, poison resistance,
slowness 2, slow metabolism 1, spit poison 1, AC +1
a: Spit Poison, Berserk, Trog's Hand, Renounce Religion


You were on level 2 of the Dungeon.
You worshipped Trog.
Trog was pleased with you.
You were very hungry.

You visited 1 branch of the dungeon, and saw 2 of its levels.

You collected 56 gold pieces.

Inventory:

Hand Weapons
 h - a +0 morningstar (weapon)
Armour
 f - a +0 ring mail (worn)
Scrolls
 b - a scroll of identify {unknown}
 d - a scroll of immolation {unknown}
Potions
 e - a potion of berserk rage {unknown}
 g - a potion of might {unknown}
 i - a potion of mutation
Comestibles
 a - a chunk of flesh
 c - a ration


   Skills:
 + Level 3.6 Fighting
   Level 3.2 Long Blades
 + Level 0.2 Maces & Flails
 + Level 1.8 Armour
 + Level 1.8 Dodging
 + Level 0.4 Stealth


You had 2 spell levels left.
You didn't know any spells.
Your spell library was empty.

Dungeon Overview and Level Annotations

Branches:
Dungeon (2/15)

Altars:
Gozag

Annotations:
D:2 Robin


Innate Abilities, Weirdness & Mutations

You cannot wear boots.
Your serpentine skin is tough. (AC +1)
You have supernaturally acute eyesight. (SInv)
Armour fits poorly on your strangely shaped body.
Your system is resistant to poisons. (rPois)
You cover ground very slowly.
You have a slow metabolism.
You can spit poison.
You are agile. (Dex +2)
Your mind is acute. (Int +2)


Message History

The goblin no longer looks unusually strong.
The bat hits you but does no damage. The bat barely misses you.
The bat hits you but does no damage. The goblin hits you with a +0 dagger.
* * * LOW HITPOINT WARNING * * *
The goblin barely misses you. The goblin closely misses you.
The goblin hits you but does no damage.
You closely miss the goblin.
The goblin no longer looks unusually strong.
The bat hits you but does no damage. The goblin barely misses you.
The bat completely misses you. The goblin hits you with a +0 club.
* * * LOW HITPOINT WARNING * * *
The goblin hits you but does no damage.
Unknown command.
You bludgeon the goblin!!
You feel the power of Trog in you as your rage grows.
You kill the goblin!
Trog accepts your kill.
You feel the effects of Trog's Hand fading.
The bat closely misses you. The goblin hits you with a +0 club.
You die...

#......# ##..... ......#
##...... #.....# #####.......
# #.....# .##.......<..
.g.#.....####.##.##..#####
......ggg.....##. #..##.##
.....$ggg.b....#.##..#...#
.....###g##.......##.##.##
##### #b@g# #...##.#####
##P..## ###)#.###..(.)# #..
.P... ####.#........## ##.
##########.............## ##
#..........#............# #
#.รท.....######..........# ##
###).....######..........####.
#......#......................
#(####.#####...##.########....


You could see Robin, a hobgoblin (strong), 6 goblins and a bat.

Vanquished Creatures
  A dart slug (D:1)
  2 giant cockroaches (D:2)
  5 goblins
  2 hobgoblins
  3 jackals (D:1)
  5 bats
  2 frilled lizards (D:1)
  4 kobolds
  3 rats (D:1)
27 creatures vanquished.

Vanquished Creatures (others)
  4 toadstools (D:1)
4 creatures vanquished.

Grand Total: 31 creatures vanquished

Notes
Turn   | Place    | Note
-------+----------+-------------------------------------------
     0 | D:1      | Cheivey the Naga Berserker began the quest for the Orb.
     0 | D:1      | Reached XP level 1. HP: 21/21 MP: 1/1
   296 | D:1      | Reached XP level 2. HP: 28/28 MP: 2/2
   975 | D:2      | Reached XP level 3. HP: 34/34 MP: 3/3
   980 | D:2      | Found an opulent altar of Gozag.
  1039 | D:2      | Noticed Robin
  1042 | D:2      | Reached ** piety under Trog
  1046 | D:2      | Gained mutation: Your mind is acute. (Int +2) [potion of
                  | mutation]
  1046 | D:2      | Gained mutation: You are agile. (Dex +2) [potion of
                  | mutation]
  1054 | D:2      | Slain by a goblin

Illustrated notes

Levels and vault maps discovered:
D:1:      ldierk_walled_garden_2, layout_basic
D:2:      layout_rooms, serial_aquarium, aquarium_bridge_straight
          [aquarium_subvault_bridge, aquarium_subvault_window,
          aquarium_subvault_bridge, aquarium_subvault_window],
          aquarium_window_1, aquarium_window_1, aquarium_window_fake,
          aquarium_window_1, aquarium_view_2c, aquarium_balcony_1b,
          first_ration, minivault_4, grunt_gozag_statues, uniq_robin,
          uniq_sigmund

Action                   || total
-------------------------++-------
Melee: Falchion          ||    59
       Morningstar       ||    20
Invok: Berserk           ||     1
       Trog's Hand       ||     1
 Abil: Spit Poison       ||     5
  Use: Potion            ||     1
Armor: Ring mail         ||    49
       Animal skin       ||     2
Dodge: Dodged            ||    58
       Rpst.: Falchion   ||     5

Table legend:
 A = Non-vault XP
 B = Vault XP
 C = Vault XP percentage of total XP
 D = Non-vault monster count
 E = Vault monster count
 F = Vault count percentage of total count
                 A         B        C        D         E       F
            +---------+---------+-------+---------+---------+-------
      Total |      42 |       2 |   4.5 |      26 |       1 |   3.7
            +---------+---------+-------+---------+---------+-------
        D:1 |      27 |       0 |   0.0 |      17 |       0 |   0.0
        D:2 |      15 |       2 |  11.8 |       9 |       1 |  10.0
            +---------+---------+-------+---------+---------+-------
